cohdb
Replays
Latest Replays
All Replays
Popular Replays
Top Player Replays
Match Explorer
How It Works
Community
CoH3 Stats
Reddit
Sign in to upload your games and track your stats! →
Sign in with Steam
Match 43894125
Unlisted
Match 43894125
Overview
Messages
Build Orders
End
Panzergrenadier Squad
Panzergrenadier Squad
Selects Battlefield Espionage Battlegroup
250 Light Carrier
Panzergrenadier Squad
Construct Light Support Kompanie
Selects Intel Disruption Beacon
2.5-tonne Medical Truck
Fire Support Elements
Selects 250/3 Funkpanzerwagen
Pak 38 Mechanized Group
Construct Panzerarmee Kommand
Selects Plunder
Cow
JT
我晋升你为上士
LW | MUERTE
Colonel_Me
Zerg
0
0
Comments
sign in to comment!
No comments posted yet!